Construct Infanterie Kompanie
Selects Mechanized Battlegroup
Construct Luftwaffe Kompanie
Marder III M Tank Destroyer
Selects StuG Assault Group
Selects UNKNOWN (2160084)
Construct Panzergrenadier Kompanie
Selects Stoßtruppen Assault Package
Nebelwerfer 42 Rocket Launcher Team
Selects Zeroing Artillery Barrage
Zeroing Artillery Barrage
Construct Panzer Kompanie
Pak 40 Anti-tank Gun Team
Marder III M Tank Destroyer
Zeroing Artillery Barrage